 Dungeon Crawl Stone Soup version 0.26-a0-365-g11c2b627af (webtiles) character file.

Game seed: 3124827472990066598

425 Laiska the Skirmisher (level 6, -3/42 HPs)
             Began as a Gargoyle Fighter on July 19, 2020.
             Slain by an iguana (5 damage)
             ... on level 4 of the Dungeon.
             The game lasted 00:09:13 (3142 turns).

Laiska the Skirmisher (Gargoyle Fighter)            Turns: 3142, Time: 00:09:14

Health: -3/42      AC: 20    Str: 19    XL:     6   Next: 96%
Magic:  6/6        EV:  7    Int: 11    God:
Gold:   168        SH: 10    Dex:  9    Spells: 5/5 levels left

rFire    . . .     SeeInvis .   f - +1 mace (protect)
rCold    . . .     Faith    .   c - +1 kite shield
rNeg     + . .     Spirit   .   b - +0 scale mail
rPois    ∞         Reflect  .   (no helmet)
rElec    +         Harm     .   (no cloak)
rCorr    .                      s - +0 pair of gloves
MR       .....                  (no boots)
Stlth    ..........             (no amulet)
HPRegen  0.14/turn              (no ring)
MPRegen  0.10/turn              (no ring)

@: mighty, protection aura
A: negative energy resistance 1, electricity resistance, unbreathing,
petrification resistance, rot immunity, AC +4
a: no special abilities


You were on level 4 of the Dungeon.
You visited 1 branch of the dungeon, and saw 4 of its levels.

You collected 168 gold pieces.

Inventory:

Hand Weapons
 a - a +0 flail
 f - a +1 mace of protection (weapon)
 i - a +2 dagger of venom
 q - a +0 morningstar
Missiles
 l - 4 poisoned darts (quivered)
 m - 59 stones
 u - 5 boomerangs
Armour
 b - a +0 scale mail (worn)
 c - a +1 kite shield (worn)
 s - a +0 pair of gloves (worn)
Jewellery
 r - an uncursed ring of teleportation
Scrolls
 h - 2 scrolls of teleportation
 j - 2 scrolls of identify
 n - a scroll of enchant armour
 t - 2 scrolls of magic mapping
 v - a scroll of blinking {unknown}
Potions
 e - a potion of berserk rage {unknown}
 g - a potion of stabbing {unknown}
 k - 2 potions of cancellation
 o - a potion of invisibility {unknown}
 p - a potion of lignification {unknown}


   Skills:
 + Level 6.3 Fighting
 + Level 3.2 Maces & Flails
 - Level 5.5 Armour
 - Level 3.2 Shields


You had 5 spell levels left.
You didn't know any spells.
Your spell library was empty.

Dungeon Overview and Level Annotations

Branches:
Dungeon (4/15)
 Temple: D:4-7

Altars:
Nemelex Xobeh
Uskayaw


Innate Abilities, Weirdness & Mutations

You are resistant to torment.
Your stone body is resilient. (AC +4)
You are immune to poison.
You resist negative energy. (rN+)
You are resistant to electric shocks. (rElec)
You can survive without breathing.
You are immune to petrification.
You are immune to rotting.


Message History

* * * LOW HITPOINT WARNING * * *
Your shield prevents you from hitting something.
Something hits you but does no damage.
You hear some strange, mumbled words.
A puff of flame appears from out of thin air!
The puff of flame hits you.
* * * LOW HITPOINT WARNING * * *
You sock something!
Your weapon exudes an aura of protection.
Reactivating autopickup.
You feel a bit more experienced.
You thump the iguana!
The iguana is severely wounded.
The iguana bites you.
* * * LOW HITPOINT WARNING * * *
You block the iguana's attack.
You hit the iguana but do no damage.
The iguana is severely wounded.
The iguana bites you.
You die...

#. ##. .. #.
#.## #..# ##o#
#l# #@# #.#
#.........
...........
.............
...#........>.#
## #..........#
#..........#
#..........#


You could see an iguana and an orc.

Vanquished Creatures
  2 scorpions (D:4)
  An orc priest (D:4)
  3 orc wizards
  A worker ant (D:4)
  7 adders
  An ufetubus (D:4)
  2 oozes
  4 worms
  7 dart slugs
  2 leopard geckos (D:2)
  8 orcs
  2 ball pythons
  8 giant cockroaches
  5 goblins
  5 hobgoblins (D:1)
  11 jackals
  2 quokkas
  5 bats
  4 frilled lizards
  10 kobolds
  A quokka skeleton (D:4)
  7 rats
98 creatures vanquished.

Vanquished Creatures (others)
  An orc wizard (D:4)
  An orc (D:3)
2 creatures vanquished.

Grand Total: 100 creatures vanquished

Notes
Turn   | Place    | Note
-------+----------+-------------------------------------------
     0 | D:1      | Laiska the Gargoyle Fighter began the quest for the Orb.
     0 | D:1      | Reached XP level 1. HP: 14/14 MP: 1/1
    22 | D:1      | Reached XP level 2. HP: 16/19 MP: 2/2
   213 | D:1      | Reached XP level 3. HP: 24/24 MP: 3/3
   218 | D:1      | Reached skill level 4 in Fighting
   962 | D:2      | Found a hide-covered altar of Uskayaw.
   972 | D:2      | Reached XP level 4. HP: 30/30 MP: 4/4
  1879 | D:2      | Reached XP level 5. HP: 32/34 MP: 5/5
  1959 | D:3      | Reached skill level 5 in Fighting
  2028 | D:3      | Reached skill level 5 in Armour
  2348 | D:3      | Found a sparkling altar of Nemelex Xobeh.
  2401 | D:3      | Reached XP level 6. HP: 15/40 MP: 6/6
  3099 | D:4      | Reached skill level 6 in Fighting
  3139 | D:4      | HP: 2/41 [something/puff of flame (2)]
  3142 | D:4      | Slain by an iguana

Illustrated notes

Levels and vault maps discovered:
D:1:      dpeg_arrival_connections, layout_basic, hangedman_decor_growths,
          minmay_fountain_box
D:2:      layout_loops_corners, old_standard_altar
D:3:      layout_basic, nemelex_xobeh_ov_fountains_minmay, serial_glass,
          glass_columns_b, glass_columns_b, glass_columns_b, glass_columns_c,
          glass_columns_a, glass_columns_c, glass_columns_a, glass_columns_a
D:4:      layout_rooms, nicolae_overflow_hidden_temple

Skill      XL: |  1  2  3  4  5  6 |
---------------+-------------------+-----
Fighting       | 4 5 6 |  6.3
Armour         | 4 5 |  5.5
Maces & Flails | 3 |  3.2
Shields        | |  3.2

Action                   |  1- 3 |  4- 6 || total
-------------------------+-------+-------++-------
Melee: Flail             |     6 |       ||     6
       Mace              |   102 |   273 ||   375
  Use: Scroll            |     4 |     7 ||    11
       Potion            |       |     1 ||     1
Armor: Scale mail        |    56 |   205 ||   261
Dodge: Dodged            |    32 |   104 ||   136
Block: Kite shield       |    55 |   189 ||   244

Table legend: (Time is in decaauts)
 A = Elapsed time spent in this place.
 B = Non-inter-level travel time spent in this place.
 C = Inter-level travel time spent in this place.
 D = Time resting spent in this place.
 E = Time spent auto-exploring this place.
 F = Levels seen in this place.
 G = Mean time per level.
                   A        B        C        D        E       F      G
               +--------+--------+--------+--------+--------+-----+--------+
         Total |   3281 |   3200 |     81 |    403 |   2006 |   4 |  820.2 |
       Dungeon |   3281 |   3200 |     81 |    403 |   2006 |   4 |  820.2 |
               +--------+--------+--------+--------+--------+-----+--------+
